AoeStats
← Overcome8853

Black Forest

509187975Analyzed
3v3 RM · 5d ago on Sep 25, 2026· 54m 38s· 6 players
Game mode
Random Map
Map size
Normal (6 player)
Population
200
Speed
Normal
Resources
Standard
Victory
Conquest
Starting age
Dark Age
Ending age
Imperial Age
RankedLock teamsTeams togetherTeam positionsShared explorationLock speedFull tech treeHidden civsTurbo modeCheats
Victory
Defeat
🇹🇷 Goths · Türkiye
834
+16
🇮🇹 Britons · Italy
825
+17
🇧🇷 Romans · Brazil
800
+42
🇭🇺 Huns · Hungary
1026
-87
🇭🇺 Persians · Hungary
772
-14
🇭🇺 Celts · Hungary
717
-12
rodrigohcavalcante
0:34 Loom
14:13 Feudal Age
15:35 Wheelbarrow
15:06 Horse Collar
15:14 Double-Bit Axe
23:00 Castle Age
22:19 Gold Mining
22:20 Stone Mining
22:40 Scale Barding Armor
22:36 Scale Mail Armor
22:14 Man-at-Arms
24:10 Hand Cart
25:30 Bow Saw
25:23 Heavy Plow
30:44 Ballistics
32:11 Caravan
32:42 Coinage
34:05 Fortified Wall
33:58 Murder Holes
37:05 Gold Shaft Mining
36:05 Long Swordsman
37:09 Ballistas
41:41 Imperial Age
40:28 Padded Archer Armor
40:19 Fletching
40:40 Forging
40:45 Chain Mail Armor
40:55 Chain Barding Armor
41:52 Heavy Scorpion
42:39 Legionary
46:13 Crop Rotation
45:59 Elite Centurion
47:01 Conscription
47:06 Husbandry
47:16 Bloodlines
47:45 Plate Barding Armor
48:46 Comitatenses
50:00 Chemistry
50:53 Leather Archer Armor
51:32 Bodkin Arrow
52:08 Ring Archer Armor
52:14 Iron Casting
53:55 Banking
53:35 Guilds
~Giulia~
1:19 Loom
13:18 Feudal Age
13:44 Double-Bit Axe
14:47 Town Watch
14:59 Horse Collar
22:50 Castle Age
21:22 Fletching
22:23 Padded Archer Armor
22:16 Gold Mining
22:29 Stone Mining
22:54 Crossbowman
24:18 Bodkin Arrow
27:44 Pikeman
29:24 Ballistics
29:01 Murder Holes
30:35 Wheelbarrow
33:02 Arson
37:56 Imperial Age
36:42 Treadmill Crane
37:35 Bow Saw
37:27 Heavy Plow
40:55 Masonry
42:54 Gold Shaft Mining
43:21 Two-Man Saw
43:32 Warwolf
43:55 Yeomen
43:45 Bracer
43:56 Forging
43:47 Scale Mail Armor
45:59 Conscription
46:17 Hoardings
46:35 Hand Cart
47:34 Elite Longbowman
49:35 Leather Archer Armor
55:09 Iron Casting
54:50 Chain Mail Armor
55:07 Ring Archer Armor
54:55 Squires
54:41 Gambesons
FU(r)CKAN
0:40 Loom
10:45 Feudal Age
11:24 Double-Bit Axe
11:21 Horse Collar
13:11 Wheelbarrow
16:37 Gold Mining
16:39 Stone Mining
19:32 Castle Age
20:51 Hand Cart
20:40 Heavy Plow
20:52 Bow Saw
29:58 Imperial Age
35:05 Two-Man Saw
35:30 Conscription
35:11 Anarchy
35:46 Crop Rotation
35:30 Forging
35:21 Scale Mail Armor
36:11 Elite Huskarl
38:05 Iron Casting
37:45 Chain Mail Armor
37:23 Fletching
39:46 Perfusion
46:10 Blast Furnace
45:21 Scale Barding Armor
46:23 Chemistry
45:46 Ballistics
45:08 Treadmill Crane
45:38 Masonry
47:50 Husbandry
47:11 Cavalier
50:08 Architecture
53:38 Light Cavalry
54:28 Bloodlines
54:35 Bloodlines
Overcome8853
13:05 Feudal Age
16:52 Wheelbarrow
16:50 Double-Bit Axe
22:11 Horse Collar
45:16 Castle Age
45:35 Scale Barding Armor
45:43 Forging
45:40 Man-at-Arms
46:28 Scale Mail Armor
47:42 Long Swordsman
Pufci2011
0:34 Loom
17:03 Feudal Age
24:28 Castle Age
27:54 Ballistics
32:56 Imperial Age
30:15 Horse Collar
30:28 Gold Mining
30:29 Stone Mining
30:30 Double-Bit Axe
31:38 Coinage
36:22 Chemistry
35:38 Forging
35:29 Scale Mail Armor
38:59 Heavy Plow
39:37 Gold Shaft Mining
39:38 Stone Shaft Mining
39:19 Bow Saw
40:12 Elite Woad Raider
41:26 Heavy Scorpion
43:01 Furor Celtica
43:19 Caravan
Scrap
0:27 Loom
23:14 Feudal Age
31:36 Wheelbarrow
31:34 Bloodlines
34:54 Castle Age
38:47 Castle Age
37:27 Wheelbarrow
37:22 Scale Barding Armor
46:25 Double-Bit Axe
47:20 Husbandry
Connection lost

Rejoining the realm…

Still unreachable

The connection could not be restored.

Session expired

The server has moved on; the page needs a fresh start.